 Dungeon Crawl Stone Soup version 0.31-a0-620-gd1cbd99268 (webtiles) character file.

Game seed: 11868644086984162936

26821 heikuro the Cleaver (level 13, -4/104 HPs)
             Began as a Formicid Fighter on Aug 21, 2023.
             Was the Champion of Okawaru.
             Slain by a tentacled starspawn (26 damage)
             ... on level 3 of the Abyss on Aug 23, 2023.
             The game lasted 00:42:12 (13856 turns).

heikuro the Cleaver (Formicid Fighter)             Turns: 13856, Time: 00:42:12

Health: -4/104     AC: 25    Str: 32    XL:     13   Next: 61%
Magic:  29/29      EV: 16    Int:  5    God:    Okawaru [******]
Gold:   659        SH: 15    Dex: 20    Spells: 12/12 levels left

rFire   . . .        x - +7 flail of Intuition {freeze, rC++ Will+ Dex+3}
rCold   + + .        l - +0 kite shield
rNeg    . . .        E - +2 plate armour {rPois}
rPois   +            (helmet unavailable)
rElec   .            J - scarf of the Amoeba {+Inv, rPois MP+9 Int-3 Dex+4}
rCorr   .            M - +1 pair of gloves
SInv    +            k - +0 pair of boots
Will    ++...        f - amulet of the acrobat Stlth
                     q - +5 ring of evasion
HPRegen 1.17/turn    L - +6 ring of strength
MPRegen 0.21/turn

%: acrobat
@: heroic
A: permanent stasis, dig shafts and tunnels, antennae 3, four strong arms,
iridescent scales 1, regeneration 1, MP-powered wands
a: Dig, Shaft Self, Renounce Religion, Evoke Invisibility, Heroism, Finesse,
Duel


You were on level 3 of the Abyss.
You worshipped Okawaru.
Okawaru was exalted by your worship.
You visited 2 branches of the dungeon, and saw 14 of its levels.
You visited the Abyss 1 time.
You also visited: Bailey.

You collected 659 gold pieces.

Inventory:

Hand Weapons
 a - a +1 battleaxe
 b - a +2 dagger of draining
 x - the +7 flail of Intuition (weapon) {freeze, rC++ Will+ Dex+3}
   (You found it on level 11 of the Dungeon)

   Dex+3:     It affects your dexterity (+3).
   rC++:      It greatly protects you from cold.
   Will+:     It increases your willpower.
 I - a +2 dagger of venom
 V - a +3 war axe of freezing
Missiles
 e - 27 poisoned darts (quivered)
 o - 2 throwing nets
Armour
 k - a +0 pair of boots (worn)
 l - a +0 kite shield (worn)
 E - a +2 plate armour of poison resistance (worn)
 J - the scarf of the Amoeba (worn) {+Inv, rPois MP+9 Int-3 Dex+4}
   (Okawaru gifted it to you on level 7 of the Dungeon)

   Int-3:     It affects your intelligence (-3).
   Dex+4:     It affects your dexterity (+4).
   rPois:     It protects you from poison MP+9: It affects your magic capacity
   (+9).
 M - a +1 pair of gloves (worn)
Jewellery
 f - an amulet of the acrobat (around neck)
 q - a +5 ring of evasion (left hand)
 G - a +6 ring of dexterity
 K - a ring of positive energy
 L - a +6 ring of strength (right hand)
Wands
 r - a wand of acid (9)
 s - a wand of charming (21)
 v - a wand of mindburst (14)
 P - a wand of polymorph (3)
 Q - a wand of flame (6)
Scrolls
 d - 3 scrolls of identify
 g - 4 scrolls of enchant weapon
 j - a scroll of fear {unknown}
 m - 4 scrolls of amnesia {unknown}
 p - 3 scrolls of fog {unknown}
 u - a scroll of revelation {unknown}
 w - a scroll of silence {unknown}
 y - 6 scrolls of teleportation {unknown}
 z - 3 scrolls of enchant armour
 A - 2 scrolls of brand weapon {unknown}
 B - a scroll of acquirement
 D - a scroll of butterflies {unknown}
 U - a scroll of noise {unknown}
Potions
 h - 8 potions of curing
 i - a potion of attraction
 n - 2 potions of heal wounds
 t - 3 potions of mutation
 C - a potion of invisibility
 F - 3 potions of might
 H - 3 potions of brilliance
 O - a potion of lignification {unknown}
 R - a potion of magic {unknown}
 S - a potion of enlightenment {unknown}
 T - 2 potions of degeneration {unknown}
Miscellaneous
 N - a condenser vane


   Skills:
 + Level 10.7(15.7) Fighting
 * Level 13.3(18.3) Axes
 + Level 10.7(15.7) Armour
 + Level 12.4(17.4) Shields
 + Level 10.1 Invocations


You had 12 spell levels left.
You didn't know any spells.
Your spell library contained the following spells:

 Spells                   Type           Power      Damage    Failure   Level
 Apportation              Tloc           0%         N/A       97%         1
 Slow                     Hex            0%         N/A       97%         1
 Ensorcelled Hibernation  Hex/Ice        0%         N/A       99%         2
 Confusing Touch          Hex            0%         N/A       100%        3
 Portal Projectile        Hex/Tloc       0%         N/A       100%        3
 Vampiric Draining        Necr           0%         2d6       100%        3
 Anguish                  Hex/Necr       0%         N/A       100%        4
 Iskenderun's Mystic Bla  Conj/Tloc      0%         2d3       100%        4
 Passage of Golubria      Tloc           0%         N/A       100%        4
 Alistair's Intoxication  Tmut/Pois      0%         N/A       100%        5
 Yara's Violent Unravell  Hex/Tmut       0%         3d3       100%        5
 Conjure Ball Lightning   Conj/Air       0%         3x3d6     100%        6
 Discord                  Hex            0%         N/A       100%        8
 Disjunction              Tloc           0%         N/A       100%        8
 Tukima's Dance           Hex            Unusable   N/A       N/A         3

Dungeon Overview and Level Annotations

Branches:
Dungeon (13/15)            Temple (1/1) D:4            Lair (0/5) D:11
    Orc (0/2) D:12         Bailey (visited)
 Vaults: D:13-14

Altars:
Ashenzari
Cheibriados
Dithmenos
Elyvilon
Fedhas
Gozag
Hepliaklqana
Kikubaaqudgha
Makhleb
Nemelex Xobeh
Okawaru
Qazlal
Ru
Sif Muna
Trog
Uskayaw
Vehumet
Wu Jian
Xom
Yredelemnul
Zin
The Shining One

Shops:
D:5 (   D:7 *   D:10 [

Annotations:
D:3 3 runed translucent doors, cforsyth's ghost, amateur GnAr
D:13 Sonja


Innate Abilities, Weirdness & Mutations

You cannot be hasted, slowed, berserked, paralysed or teleported.
You can dig through walls and to a lower floor.
You have a pair of large antennae on your head. (SInv)
Your four strong arms can wield two-handed weapons with a shield.
You are partially covered in iridescent scales. (AC +2)
Your natural rate of healing is unusually fast.
You expend magic power (3 MP) to strengthen your wands.


Message History

The bone dragon closely misses you. You block the bone dragon's attack.
You bludgeon the bone dragon!! You freeze the bone dragon.
You destroy the bone dragon!
Okawaru is honoured by your kill. Okawaru grants you a weapon!
Something appears at your feet!
You see here a +2 broad axe of electrocution.
The starspawn tentacle constricts you.
* * * LOW HITPOINT WARNING * * *
You block the tentacled starspawn's attack. x2
Your Invocations skill increases to level 10!
You hit the tentacled starspawn. You freeze the tentacled starspawn.
The starspawn tentacle loses its grip on you.
The tentacled starspawn is lightly damaged.
You block the starspawn tentacle's attack.
The starspawn tentacle completely misses you.
Unknown command.
You hit the tentacled starspawn but do no damage.
The tentacled starspawn is lightly damaged.
The tentacled starspawn closely misses you.
You block the tentacled starspawn's attack.
The starspawn tentacle barely misses you.
The starspawn tentacle grabs you. The starspawn tentacle constricts you.
You sock the tentacled starspawn! You freeze the tentacled starspawn.
The starspawn tentacle loses its grip on you.
The tentacled starspawn is moderately damaged.
You block the tentacled starspawn's attack. x2
The starspawn tentacle grabs you. The starspawn tentacle constricts you.
You hit the tentacled starspawn. You freeze the tentacled starspawn.
The starspawn tentacle loses its grip on you.
The tentacled starspawn is moderately damaged.
The starspawn tentacle closely misses you.
The tentacled starspawn completely misses you.
You block the tentacled starspawn's attack.
You hit the tentacled starspawn but do no damage.
The tentacled starspawn is moderately damaged.
You block the starspawn tentacle's attack.
The starspawn tentacle completely misses you.
The tentacled starspawn bites you!!
You die...

.. .. .#
#.....# .
#.....# #
#####.....# #
.. #.......#.#
# #.........#
.#.#
#.........##
..#
#......w..#...#
# #
#.@X.......#
#..w..#....#
#.....# .##
#.....# . #
.......# .#
#.........# .
#..#......# . #
#....######
....


You could see a tentacled starspawn and 2 starspawn tentacles.

Vanquished Creatures
  A bone dragon (Abyss:3)
  Harold (D:9)
  A hydra (D:9)
  2 boulder beetles (D:11)
  A shadow demon (Abyss:3)
  An ugly thing (D:12)
  3 deep elf pyromancers
  3 cyclopes
  A manticore (D:13)
  Maurice (D:8)
  An elephant (D:11)
  A gargoyle (D:12)
  4 kobold demonologists
  A komodo dragon (D:11)
  An ancient zyme (Abyss:3)
  A tengu conjurer (D:12)
  3 trolls
  5 slime creatures (D:12)
  A large abomination (Abyss:3)
  30 yaks
  2 shadows
  2 wyverns
  3 steam dragons
  A basilisk (D:11)
  6 vampire mosquitoes
  Menkaure (D:5)
  2 acid dragons
  3 water moccasins
  4 ice beasts
  22 orc warriors
  4 black bears
  2 sky beasts
  2 ogres
  7 centaurs
  6 kobold brigands
  A phantom (D:6)
  2 gnoll sergeants
  5 bullfrogs
  5 scorpions
  9 wights
  3 jellies
  7 killer bees
  6 electric eels (Bailey)
  6 howler monkeys
  4 gnoll boudas
  14 orc priests
  4 sleepcaps
  4 hounds
  6 iguanas
  20 orc wizards
  Robin (D:4)
  11 gnolls
  9 adders
  A white imp (Abyss:2)
  An ufetubus (D:5)
  3 worms
  4 dart slugs
  63 orcs
  5 bats
  7 endoplasms
  3 giant cockroaches
  25 goblins
  16 hobgoblins
  12 jackals
  7 ball pythons
  5 frilled lizards
  18 kobolds
  8 rats
425 creatures vanquished.

Vanquished Creatures (others)
  A starspawn tentacle (Abyss:3)
1 creature vanquished.

Grand Total: 426 creatures vanquished

Notes
Turn   | Place    | Note
-------+----------+-------------------------------------------
     0 | D:1      | heikuro the Formicid Fighter began the quest for the Orb.
     0 | D:1      | Reached XP level 1. HP: 18/18 MP: 1/1
   118 | D:1      | Reached XP level 2. HP: 24/24 MP: 2/2
   290 | D:1      | Reached XP level 3. HP: 29/29 MP: 3/3
   681 | D:2      | Reached skill level 3 in Axes
   681 | D:2      | Reached XP level 4. HP: 37/37 MP: 4/4
  1638 | D:3      | Found a sacrificial altar of Ru.
  1724 | D:3      | Reached XP level 5. HP: 29/42 MP: 5/5
  1772 | D:3      | Noticed a kobold brigand
  1798 | D:3      | Killed a kobold brigand
  1799 | D:3      | Reached skill level 5 in Shields
  1799 | D:3      | Reached XP level 6. HP: 37/48 MP: 6/6
  2105 | D:3      | Found a runed translucent gate.
  2106 | D:3      | Found a runed translucent gate.
  2107 | D:3      | Found a runed translucent gate.
  2107 | D:3      | Noticed cforsyth's ghost (amateur GnAr)
  2507 | D:4      | Noticed Robin
  2513 | D:4      | Reached skill level 4 in Axes
  2525 | D:4      | Killed Robin
  3028 | D:4      | Noticed an ogre
  3037 | D:4      | Killed an ogre
  3038 | D:4      | Reached XP level 7. HP: 20/55 MP: 7/7
  3044 | D:4      | Reached skill level 5 in Axes
  3476 | D:4      | Found a staircase to the Ecumenical Temple.
  3485 | Temple   | Entered the Ecumenical Temple
  3519 | Temple   | Became a worshipper of Warmaster Okawaru
  3730 | D:5      | Entered Level 5 of the Dungeon
  3802 | D:4      | Reached skill level 1 in Invocations
  3935 | D:5      | Reached skill level 5 in Fighting
  3956 | D:5      | Noticed a shadow
  3983 | D:4      | Reached skill level 5 in Armour
  4004 | D:5      | Killed a shadow
  4004 | D:5      | Reached * piety under Okawaru
  4005 | D:5      | Reached XP level 8. HP: 37/62 MP: 7/9
  4503 | D:5      | Reached skill level 6 in Axes
  4638 | D:5      | Noticed Menkaure
  4642 | D:5      | You fall into a shaft and drop 3 floors!
  4643 | D:8      | Noticed a yak
  4643 | D:8      | Noticed a yak
  4643 | D:8      | Noticed a yak
  4884 | D:9      | Reached ** piety under Okawaru
  5066 | D:9      | Noticed a kobold demonologist
  5069 | D:9      | Noticed a ynoxinul
  5201 | D:8      | Noticed a wyvern
  5205 | D:8      | Killed a wyvern
  5206 | D:8      | Reached XP level 9. HP: 69/69 MP: 11/11
  5259 | D:8      | You fall into a shaft and drop 3 floors!
  5263 | D:11     | Noticed a boulder beetle
  5281 | D:11     | Killed a boulder beetle
  5281 | D:11     | Reached *** piety under Okawaru
  5282 | D:11     | Reached skill level 7 in Axes
  5302 | D:11     | Identified the +7 flail of Intuition {freeze, rC++ Will+
                  | Dex+3}
  5331 | D:10     | Entered Level 10 of the Dungeon
  5515 | D:9      | Reached skill level 8 in Axes
  5515 | D:9      | Reached XP level 10. HP: 61/77 MP: 10/13
  5518 | D:9      | Reached skill level 5 in Invocations
  5519 | D:9      | Reached **** piety under Okawaru
  5635 | D:7      | Reached skill level 9 in Axes
  5686 | D:7      | Found a flagged portal.
  5696 | Bailey   | Entered a bailey
  5757 | Bailey   | Reached ***** piety under Okawaru
  5963 | Bailey   | Noticed a kobold demonologist
  5979 | Bailey   | Noticed a sun demon
  5980 | Bailey   | Killed a kobold demonologist
  6492 | Bailey   | Reached XP level 11. HP: 42/86 MP: 15/15
  6846 | Bailey   | Found an iron altar of Okawaru.
  7192 | D:5      | Reached skill level 10 in Axes
  7206 | D:5      | Upgraded the game from 0.31-a0-609-g7bf6ffcfed to
                  | 0.31-a0-618-g7ca08c1ff9
  7853 | D:5      | Killed Menkaure
  8064 | D:5      | Found Mosiets's Antique Weapon Shoppe.
  8577 | D:6      | Reached skill level 10 in Shields
  9161 | D:7      | Reached ****** piety under Okawaru
  9432 | D:7      | Identified the scarf of the Amoeba {+Inv, rPois MP+9 Int-3
                  | Dex+4} (Okawaru gifted it to you on level 7 of the Dungeon)
  9432 | D:7      | Received a gift from Okawaru
  9465 | D:7      | Gained mutation: You are partially covered in iridescent
                  | scales. (AC +2) [potion of mutation]
  9465 | D:7      | Gained mutation: Your natural rate of healing is unusually
                  | fast. [potion of mutation]
  9465 | D:7      | Gained mutation: You expend magic power (3 MP) to
                  | strengthen your wands. [potion of mutation]
  9636 | D:7      | Found Kiaqille's General Store.
 10008 | D:8      | Noticed Maurice
 10029 | D:8      | Killed Maurice
 10228 | D:8      | Found a shimmering altar of Xom.
 10228 | D:8      | Found a shimmering altar of Xom.
 10229 | D:8      | Found a shimmering altar of Xom.
 10422 | D:9      | Reached skill level 11 in Axes
 10444 | D:9      | Reached XP level 12. HP: 73/95 MP: 17/17
 10596 | D:9      | Noticed Harold
 10611 | D:9      | Killed Harold
 11064 | D:9      | Noticed a soul eater
 11352 | D:9      | Noticed a six-headed hydra
 11362 | D:9      | Killed a six-headed hydra
 11801 | D:10     | Found Woinap's Armour Shop.
 12027 | D:11     | Noticed a boulder beetle
 12058 | D:11     | Killed a boulder beetle
 12058 | D:11     | Received a gift from Okawaru
 12059 | D:11     | Reached skill level 12 in Axes
 12114 | D:11     | Found a staircase to the Lair.
 12614 | D:12     | Reached skill level 10 in Fighting
 12648 | D:12     | Reached skill level 10 in Armour
 12648 | D:12     | Reached XP level 13. HP: 90/103 MP: 19/19
 12722 | D:12     | Received a gift from Okawaru
 12980 | D:12     | Found a staircase to the Orcish Mines.
 13116 | D:12     | Upgraded the game from 0.31-a0-618-g7ca08c1ff9 to
                  | 0.31-a0-620-gd1cbd99268
 13400 | D:13     | Reached skill level 13 in Axes
 13546 | D:13     | Noticed Sonja
 13711 | Abyss:2  | Cast into level 2 of the Abyss (Sonja)
 13816 | Abyss:3  | Noticed a bone dragon
 13833 | Abyss:3  | Noticed a tentacled starspawn
 13851 | Abyss:3  | Killed a bone dragon
 13851 | Abyss:3  | Received a gift from Okawaru
 13852 | Abyss:3  | Reached skill level 10 in Invocations
 13856 | Abyss:3  | Slain by a tentacled starspawn

Illustrated notes

Levels and vault maps discovered:
D:1:      saegor_arrival_fortress, layout_basic, serial_glass, glass_columns_a,
          glass_columns_b
D:2:      layout_basic, minmay_tromino_v4_c
D:3:      layout_loops_cross, nicolae_ru_great_annihilating_truth,
          gammafunk_ghost_nasty_kobolds, grunt_decor_arrowhead
D:4:      layout_basic, lemuel_temple_firewalk_b, kennysheep_small_spiral,
          chequers_serial_rivers_small_b, minmay_distorted, uniq_robin
D:5:      layout_gridville, serial_shops, shop, uniq_menkaure
D:6:      minmay_angry_zag, layout_basic, grunt_ministairs_1,
          ebering_dispersal_statue_hall, minmay_misc_feat_room
D:7:      minmay_recursive_quarters, layout_loops_ring, serial_shops, shop,
          enter_bailey_4
D:8:      layout_cave_pools, xom_redecorated, kennysheep_potato, uniq_maurice
D:9:      minmay_clustersquares, layout_loops_corners,
          nicolae_elevator_lobby_asterisk, uniq_harold
D:10:     layout_rooms, serial_shops, nicolae_shop_hallway_stairs,
          grunt_decor_fettered, minmay_unpleasant_kobolds
D:11:     layout_small_grid, david_lair_generic
D:12:     layout_basic, orc_0_dummy
D:13:     layout_basic, hellmonk_vaults_attempted_burglary,
          nicolae_trove_entry_crossroad, uniq_sonja
Temple:   mainiacjoe_temple_cubbyholes
Abyss:3:  base: D:5, evilmike_abyss_exit_8,
          evilmike_nicolae_abyss_rune_betentacled_crabyss,
          evilmike_abyss_exit_7, minivault_11, hangedman_abyss_lost_library,
          evilmike_abyss_exit_chaos,
          evilmike_nicolae_abyss_rune_containment_curve

Skill      XL: |  1  2  3  4  5  6  7  8  9 10 11 12 13 |
---------------+----------------------------------------+-----
Axes           | 3 4 5 6 8 9 11 12 13 | 13.3
Fighting       | 4 5 6 7 9 10 | 10.7
Armour         | 4 5 6 7 9 10 | 10.7
Shields        | 5 6 7 8 9 10 11 12 | 12.4
Invocations    | 1 3 4 6 7 9 10 | 10.1

Action                     |  1- 3 |  4- 6 |  7- 9 | 10-12 | 13-15 || total
---------------------------+-------+-------+-------+-------+-------++-------
  Melee: War axe           |    72 |   157 |   124 |       |       ||   353
         Dagger            |       |    17 |    22 |       |       ||    39
         Flail             |       |       |    20 |   790 |   197 ||  1007
  Throw: Dart              |       |     1 |     6 |     2 |     6 ||    15
 Invoke: Heroism           |       |       |     1 |     4 |     2 ||     7
Ability: Dig               |       |       |     1 |       |       ||     1
         Shaft Self        |       |       |     2 |       |     1 ||     3
    Use: Potion            |       |     1 |     1 |     1 |     1 ||     4
         Scroll            |       |       |       |     7 |     1 ||     8
   Stab: Paralysed         |       |     1 |       |       |       ||     1
         Distracted        |       |       |       |     1 |     2 ||     3
 Armour: Scale mail        |    24 |    32 |       |       |       ||    56
         Chain mail        |       |    40 |    15 |       |       ||    55
         Plate armour      |       |       |    45 |   324 |    85 ||   454
         Skin              |       |       |     1 |       |       ||     1
  Dodge: Dodged            |    38 |    73 |    70 |   387 |   133 ||   701
  Block: Buckler           |    26 |    10 |       |       |       ||    36
         Kite shield       |       |    54 |    87 |   591 |   196 ||   928

Table legend: (Time is in decaauts)
 A = Elapsed time spent in this place.
 B = Non-inter-level travel time spent in this place.
 C = Inter-level travel time spent in this place.
 D = Time resting spent in this place.
 E = Time spent auto-exploring this place.
 F = Levels seen in this place.
 G = Mean time per level.
                   A        B        C        D        E       F      G
               +--------+--------+--------+--------+--------+-----+--------+
         Total |  14093 |  13249 |    844 |   1541 |   6419 |  17 |  829.0 |
       Dungeon |  12541 |  11722 |    819 |    943 |   6419 |  13 |  964.7 |
        Temple |     64 |     39 |     25 |      0 |      0 |   1 |   64.0 |
         Abyss |    138 |    138 |      0 |     10 |      0 |   2 |   69.0 |
        Bailey |   1348 |   1348 |      0 |    588 |      0 |   1 | 1348.0 |
               +--------+--------+--------+--------+--------+-----+--------+

Top non-repeatable levels by time:
     D:5: 1688 daAuts
     D:9: 1548 daAuts
     D:4: 1545 daAuts
  Bailey: 1348 daAuts
     D:7: 1170 daAuts
     D:2: 914 daAuts
     D:6: 904 daAuts
     D:3: 870 daAuts
    D:11: 821 daAuts
     D:8: 744 daAuts
    D:12: 714 daAuts
     D:1: 670 daAuts
    D:10: 604 daAuts
    D:13: 345 daAuts
 Abyss:3: 117 daAuts
